 Dungeon Crawl Stone Soup version 0.14-a0-1863-gcc20582 (webtiles) character file.

432 M4edhros the Poker (level 6, -2/37 HPs)
             Began as an Octopode Chaos Knight on Jan 14, 2014.
             Was a Plaything of Xom.
             Slain by a water moccasin (5 damage)
             ... on Level 4 of the Dungeon.
             The game lasted 00:04:35 (1623 turns).

M4edhros the Poker (Octopode Chaos Knight)          Turns: 1623, Time: 00:04:35

HP  -2/37        AC  2     Str 12      XL: 6   Next: 45%
MP   6/6         EV  9     Int 14 (16) God: Xom
Gold 115         SH 13     Dex 11      Spells:  0 memorised,  5 levels left

rFire  + . .     SeeInvis .     a - +0 spear (chaos)
rCold  + . .     Clarity  .     m - +0 shield
rNeg   . . .     Conserve .     (helmet restricted)
rPois  +         rCorr    .     (no amulet)
rElec  +         rRot     .     (no ring)
SustAb . .       Spirit   .     (no ring)
rMut   .         Warding  .     (no ring)
Saprov . . .     Stasis   .     (no ring)
MR     .....                    (no ring)
                                (no ring)
                                (no ring)
                                (no ring)

@: mildly poisoned, slowed, very slow, not resistant to hostile enchantments,
fairly stealthy
A: almost no armour, amphibious, 8 rings, constrict 8, spike 1, molten scales 1,
camouflage 1, frail 1, gelatinous body 1, evolution 1
a: Renounce Religion


You were on level 4 of the Dungeon.
You worshipped Xom.
You were a very special plaything of Xom.
You were not hungry.

You visited 1 branch of the dungeon, and saw 4 of its levels.

You collected 115 gold pieces.

Inventory:

Hand weapons
 a - a +0,+0 spear of chaos (weapon)
Armour
 m - a +0 shield (worn)
Magical devices
 i - a wand of teleportation (6)
Comestibles
 c - 2 bread rations
Scrolls
 l - 2 scrolls of remove curse {unknown}
Jewellery
 b - the amulet of Uriesis {rCorr rF+ Int+2, unknown}
   (You found it on level 4 of the Dungeon)

   [amulet of resist corrosion]

   It affects your intelligence (+2).
   It protects you from fire.


   Skills:
 - Level 3.0 Fighting
 + Level 7.0 Polearms
 - Level 2.3 Dodging


You had 5 spell levels left.
You didn't know any spells.

Dungeon Overview and Level Annotations

Branches:
Dungeon (4/16)
 Temple: D:4-7

Altars:

Annotations:
D:2 Ijyb


Innate Abilities, Weirdness & Mutations

You cannot wear most types of armour.
You are amphibious.
You can wear up to eight rings at the same time.
You can use your tentacles to constrict many enemies at once.
Your skin changes colour to match your surroundings (Stlth).
Your rubbery body absorbs attacks (AC +1).
One of your tentacles bears a spike.
You are partially covered in molten scales (AC +1).
You are frail (-10% HP).
You evolve.


Message History

The water moccasin bites you!
* * * LOW HITPOINT WARNING * * *
Unknown command.
Drink which item? (? for menu, Esc to quit)
You feel protected.
* * * LOW HITPOINT WARNING * * *
You feel sick. You block the water moccasin's attack.
The water moccasin bites you!
* * * LOW HITPOINT WARNING * * *
Evoke which item? (* to show all) (? for menu, Esc to quit)
Okay, then.
Read which item? (? for menu, Esc to quit)
As you read the scroll labeled DOCZE XIXY, it crumbles to dust.
The scroll dissolves into smoke.
It was a scroll of fog.
* * * LOW HITPOINT WARNING * * *
You feel sick. The water moccasin closely misses you.
You block the water moccasin's attack. The water moccasin bites you.
You die...
Xom chortles!

#......#
##......... #......
##........ #......
........... #.....#
####...... #.....#
#...... #.....#
#...... #####...%.#
#...... ......)...#
#...... .......§@§#
#...... '######§S§#
##...... @#§§§#
###......
#.§.#########......
#......(.....%.....
r
+..############....
#..#..........')...
#..#..........#....
o
#..#..........#....


You could see a water moccasin.

Vanquished Creatures
  A hound (D:4)
  Crazy Yiuf (D:4)
  3 orc priests (D:4)
  2 orc wizards (D:4)
  3 worker ants (D:4)
  An adder (D:2)
  8 orcs (D:4)
  3 hobgoblins
  2 quokkas (D:4)
  A ball python (D:2)
  6 bats
  2 giant newts (D:1)
  3 goblins
  4 kobolds
  7 rats
  A rat skeleton (D:4)
48 creatures vanquished.

Vanquished Creatures (others)
  Sigmund (D:4)
  A lemure (D:4)
2 creatures vanquished.

Grand Total: 50 creatures vanquished

Notes
Turn   | Place    | Note
--------------------------------------------------------------
     0 | D:1      | M4edhros, the Octopode Chaos Knight, began the quest for the Orb.
     0 | D:1      | Reached XP level 1. HP: 16/16 MP: 1/1
     3 | D:1      | XOM: divination: detect items
   113 | D:1      | XOM: divination: detect creatures
   222 | D:1      | XOM: silly message
   274 | D:1      | Reached XP level 2. HP: 21/21 MP: 2/2
   352 | D:1      | XOM: silly message
   435 | D:2      | Reached skill level 4 in Polearms
   466 | D:2      | XOM: harmless Fire miscast
   481 | D:2      | Noticed Ijyb
   513 | D:3      | Reached XP level 3. HP: 26/26 MP: 3/3
   694 | D:4      | Reached XP level 4. HP: 31/31 MP: 4/4
   698 | D:4      | Reached skill level 5 in Polearms
   702 | D:4      | XOM: silly message
   704 | D:4      | XOM: potion effect (curing)
   707 | D:4      | Reached XP level 5. HP: 15/36 MP: 5/5
   991 | D:4      | Noticed Sigmund
   994 | D:4      | XOM: harmless Chrm miscast
  1005 | D:4      | XOM: 1-stop teleportation journey
  1038 | D:4      | Reached skill level 6 in Polearms
  1099 | D:4      | XOM: give mutations
  1099 | D:4      | Gained mutation: You are frail (-10% HP). [Xom's mischief]
  1099 | D:4      | Gained mutation: You are weak. (Str -2) [Xom's mischief]
  1099 | D:4      | Gained mutation: One of your tentacles bears a spike. [Xom's mischief]
  1128 | D:4      | Noticed Crazy Yiuf
  1133 | D:4      | XOM: summons friendly lemure
  1142 | D:4      | Killed Crazy Yiuf
  1158 | D:4      | XOM: give mutations
  1158 | D:4      | Gained mutation: You are partially covered in molten scales (AC +1). [Xom's grace]
  1158 | D:4      | Gained mutation: You evolve. [Xom's grace]
  1345 | D:4      | Reached XP level 6. HP: 21/37 MP: 6/6
  1482 | D:4      | Got a brightly glowing jade amulet
  1490 | D:4      | Lost mutation: You are weak. (Str -2) [evolution]
  1525 | D:4      | XOM: divination: detect creatures
  1532 | D:4      | Reached skill level 7 in Polearms
  1535 | D:4      | XOM: vitrification
  1592 | D:4      | Killed Sigmund
  1592 | D:4      | XOM: divine lightning (protected)
  1618 | D:4      | XOM: polymorph orc wizard -> water moccasin
  1623 | D:4      | Slain by a water moccasin

Action                   |  1- 3 |  4- 6 || total
-------------------------+-------+-------++-------
Melee: Spear             |    47 |    86 ||   133
Evoke: Wand              |       |     1 ||     1
  Use: Potion            |     1 |     4 ||     5
       Scroll            |       |     7 ||     7
 Stab: Sleeping          |     2 |     2 ||     4
       Paralysed         |     1 |       ||     1
